 Dungeon Sprint DCSS version 0.21.1-1-g345015f (webtiles) character file.

179993 wojtek the Axe Maniac (level 16, -7/274 HPs)
             Began as a Minotaur Berserker on Feb 24, 2018.
             Was the Champion of Trog.
             Mangled by an emperor scorpion (14 damage)
             ... summoned by a greater mummy
             ... in the Dungeon (Sprint III: "The Ten Rune Challenge").
             The game lasted 00:37:46 (15327 turns).

wojtek the Axe Maniac (Minotaur Berserker)         Turns: 15327, Time: 00:37:46

Health: -7/274     AC: 30    Str: 32    XL:     16   Next: 63%
Magic:  20/20      EV: 20    Int: 11    God:    Trog [******]
Gold:   2996       SH:  0    Dex: 12    Spells: 15/15 levels left

rFire    + . .     SeeInvis +   a - +9 executioner's axe of Grontol {chop, Fragile rN+ Int+7 Stlth+}
rCold    + . .     Gourm    .   (shield currently unavailable)
rNeg     + . .     Faith    .   P - +0 gold dragon scales
rPois    +         Spirit   .   w - +2 hat {SInv}
rElec    .         Reflect  .   y - +0 cloak
rCorr    .         Harm     .   (no gloves)
MR       ++...     NoTele   +   (no boots)
Stlth    ..........             (no amulet)
HPRegen  0.55/turn              Z - ring of flight
MPRegen  0.17/turn              b - ring of protection from magic

@: berserking, very quick
A: retaliatory headbutt, horns 2, low mp 1
}: 3/10 runes: serpentine, barnacled, silver
a: Berserk, Trog's Hand, Brothers in Arms, Burn Spellbooks, Renounce Religion,
Evoke Flight


You were in the Dungeon.
You worshipped Trog.
Trog was exalted by your worship.
You were not hungry.

You visited 1 branch You collected 4396 gold pieces.
You spent 1400 gold pieces at shops.

Inventory:

Hand Weapons
 a - the +9 executioner's axe of Grontol (weapon) {chop, Fragile rN+ Int+7 Stlth+}
   (Trog gifted it to you in the Dungeon)

   It inflicts extra damage upon your enemies.
   It affects your intelligence (+7).
   It protects you from negative energy.
   It will be destroyed if unequipped.
   It makes you more stealthy.
 s - the +1 quarterstaff of Fortitude {freeze, rC+ MR+ Str-4 Stlth+}
   (Trog gifted it to you in the Dungeon)

   It has been specially enchanted to freeze those struck by it, causing extra
   injury to most foes and up to half again as much damage against particularly
   susceptible opponents.
   It can also slow down cold-blooded creatures.
   It affects your strength (-4).
   It protects you from cold.
   It affects your resistance to hostile enchantments.
   It makes you more stealthy.
 F - a +2 antimagic battleaxe
 Q - a +6 antimagic executioner's axe
 X - a +2 battleaxe of flaming
Missiles
 B - 4 exploding tomahawks
 D - 12 needles of sleeping
 E - 20 javelins (quivered)
 J - 4 throwing nets
 O - 7 curare-tipped needles
 R - 5 needles of paralysis
Armour
 u - a +3 plate armour of fire resistance
 w - a +2 hat of see invisible (worn)
 y - a +0 cloak (worn)
 P - +0 gold dragon scales (worn)
Jewellery
 b - a ring of protection from magic (right hand)
 K - an uncursed ring of ice
 S - the ring of Qutruonk {Ice rPois Str+4}
   (You took it off a vault guard in the Dungeon)

   [ring of ice]

   It enhances your ice magic.
   It affects your strength (+4).
   It makes you vulnerable to fire.
   It protects you from cold.
   It protects you from poison.
 U - an uncursed ring of protection from fire
 Z - a ring of flight (left hand)
Wands
 A - a wand of scattershot (5)
 G - a wand of acid (17)
 W - a wand of iceblast (6)
Scrolls
 i - a scroll of blinking
 l - a scroll of holy word {unknown}
 m - 4 scrolls of identify
 n - 3 scrolls of remove curse
 p - a scroll of torment {unknown}
 C - a scroll of magic mapping {unknown}
 H - a scroll of amnesia {unknown}
 T - 6 scrolls of acquirement
Potions
 d - 5 potions of curing
 e - 2 potions of heal wounds
 f - 2 potions of haste
 g - 2 potions of magic
 h - 2 potions of berserk rage
 k - 4 potions of mutation
 o - 3 potions of lignification {unknown}
 q - 4 potions of flight
 r - a potion of resistance {unknown}
 x - a potion of brilliance {unknown}
 z - 2 potions of might
 L - a potion of agility {unknown}
Books
 t - a book of the Dragon

   Spells                             Type                      Level
   a - Flame Tongue                   Conjuration/Fire             1
   b - Cause Fear                     Hexes                        4
   c - Bolt of Fire                   Conjuration/Fire             6
   d - Dragon Form                    Transmutation                7
   e - Dragon's Call                  Summoning                    9
   Trog disapproves of the use of such an item.
 I - a book of Cantrips

   Spells                             Type                      Level
   a - Confusing Touch                Hexes                        1
   b - Animate Skeleton               Necromancy                   1
   c - Summon Small Mammal            Summoning                    1
   d - Apportation                    Translocation                1
   Trog disapproves of the use of such an item.
Miscellaneous
 j - a sack of spiders
 v - a fan of gales
 M - a lightning rod (4/4)
Comestibles
 c - 13 rations


   Skills:
 O Level 27 Fighting
 O Level 27 Axes
 O Level 27 Armour
 O Level 27 Dodging
 + Level 10.7 Evocations


You had 15 spell levels left.
You didn't know any spells.

Dungeon Overview and Level Annotations

Branches:
Dungeon (1/1)

Altars:
Cheibriados
Dithmenos
Elyvilon
Fedhas
Gozag
Hepliaklqana
Kikubaaqudgha
Makhleb
Nemelex Xobeh
Okawaru
Qazlal
Ru
Sif Muna
Trog
Uskayaw
Vehumet
Wu Jian
Xom
Yredelemnul
Zin
The Shining One
Beogh
Jiyva
Lugonu

Shops:
D [%:%[}!(%}}!}=[?:!!}(*%[


Innate Abilities, Weirdness & Mutations

You reflexively headbutt those who attack you in melee.
You have a pair of horns on your head.
Your magical capacity is low. (-10% MP)


Message History

The emperor scorpion misses you. You furiously retaliate!
You headbutt the emperor scorpion, but do no damage.
The emperor scorpion completely misses you.
The emperor scorpion misses you.
The emperor scorpion closely misses you.
You furiously retaliate!
You headbutt the emperor scorpion, but do no damage.
The emperor scorpion closely misses you.
The emperor scorpion claws you.
* * * LOW HITPOINT WARNING * * *
The emperor scorpion stings you.
* * * LOW HITPOINT WARNING * * *
The emperor scorpion barely misses you.
The emperor scorpion claws you but does no damage.
You barely miss the greater mummy.
You headbutt the greater mummy, but do no damage.
The greater mummy is almost destroyed.
You slice the emperor scorpion!! You slash the emperor scorpion! x3
The emperor scorpion stings you!
You die...

▓..#..........^.^.#
▓..#..##########^.#
▓..#..#. #..#
▓..#^.#. #..#
▓..#..#. #..#
▓..#..#. #..#
▓^.#..#'########).#
▓.)#..#ssss.^..)..#
▓..'..#sM@s^......#
▓##################
▓▓▓ ###+###▓.+
.#.#.#.▓.▓
#.#.#.#▓.▓
.#†#.#.▓.▓
▓▓▓▓▓▓▓▓)▓
'.^PP▓.'.▓


You could see a greater mummy and 6 emperor scorpions.

Vanquished Creatures
  Mennas (D)
  A greater mummy (D)
  Sojobo (D)
  Boris (D)
  A Killer Klown (D)
  3 golden dragons (D)
  A bone dragon (D)
  A lich (D)
  2 sphinxes (D)
  A titan (D)
  Polyphemus (D)
  Gastronok (D)
  An Executioner (D)
  Chuck (D)
  A nagaraja (D)
  Dowan (D)
  2 shadow dragons (D)
  2 frost giants (D)
  Roxanne (D)
  Ilsuiw (D)
  A draconian knight (D)
  2 stone giants (D)
  A vampire knight (D)
  2 dire elephants (D)
  Nessos (D)
  A merfolk javelineer (D)
  A fire dragon (D)
  Josephine (D)
  A yaktaur captain (D)
  8 mummy priests (D)
  A naga warrior (D)
  17 vault guards (D)
  2 hydras (D)
  3 centaur warriors (D)
  An anaconda (D)
  4 death yaks (D)
  An ogre mage (D)
  4 dancing weapons (D)
  Urug (D)
  2 titan zombies (D)
  A shadow wraith (D)
  7 skeletal warriors (D)
  An unseen horror (D)
  A sea snake (D)
  A spectral iron dragon (D)
  An orange crystal statue (D)
  A spriggan druid (D)
  An obsidian statue (D)
  A lindwurm (D)
  A deep elf mage (D)
  2 crystal guardians (D)
  5 ugly things (D)
  2 oklob plants (D)
  A manticore (shapeshifter) (D)
  An elephant (D)
  A shining eye (D)
  A guardian serpent (D)
  An iron troll simulacrum (D)
  2 stone giant skeletons (D)
  4 black mambas (D)
  7 statues (D)
  Duvessa (D)
  2 spiny frogs (D)
  A komodo dragon (D)
  A rime drake (D)
  2 anaconda simulacra (D)
  A queen bee (D)
  19 guardian mummies (D)
  4 spriggan defenders (D)
  2 tyrant leeches (D)
  8 blink frogs (D)
  3 hornets (D)
  3 slime creatures (D)
  An orc high priest (D)
  2 slime creatures (shapeshifter) (D)
  3 dream sheep (D)
  A shadow (D)
  2 spriggans (D)
  3 redbacks (D)
  3 wandering mushrooms (D)
  2 nagas (D)
  A spatial vortex (D)
  5 water moccasins (D)
  A floating eye (shapeshifter) (D)
  2 fire dragon simulacra (D)
  A swamp drake (D)
  A necrophage (D)
  A black mamba simulacrum (D)
  2 centaurs (D)
  An earth elemental (D)
  A water elemental (D)
  32 killer bees (D)
  An electric eel (D)
  A jelly (D)
  An orc wizard (D)
  A wizard (D)
  Jessica (D)
  3 necromancers (D)
  A polar bear simulacrum (D)
  3 humans (D)
  A kobold demonologist (D)
  A wolf (D)
  2 adders (D)
  2 adder simulacra (D)
  2 orcs (D)
  A bat zombie (D)
  A ball python zombie (D)
  2 giant cockroach zombies (D)
  A quokka simulacrum (D)
  3 rats (D)
  2 bushes (D)
  2 butterflies (D)
  17 plants (D)
284 creatures vanquished.

Vanquished Creatures (collateral kills)
  Rupert (D)
  A draconian knight (D)
  A yellow draconian (D)
  A vault guard (D)
  2 orc high priests (D)
  A death drake (D)
  A glowing orange brain (D)
  2 orc knights (D)
  2 crystal guardians (D)
  An orc sorcerer (D)
  An elephant (D)
  A slime creature (D)
  A dream sheep (shapeshifter) (D)
  A golden eye (D)
  A floating eye (D)
  A floating eye (shapeshifter) (D)
  4 orc warriors (D)
  2 orc priests (D)
  An orc wizard (D)
  4 orcs (D)
30 creatures vanquished.

Vanquished Creatures (others)
  2 draconian scorchers (D)
  6 hellions (D)
  3 yaktaurs (D)
  A statue (D)
  2 orc high priests (D)
  An orc priest (D)
  20 plants (D)
35 creatures vanquished.

Grand Total: 349 creatures vanquished

Notes
Turn   | Place    | Note
-------+----------+-------------------------------------------
     0 | D        | wojtek the Minotaur Berserker began the quest for the Orb.
     0 | D        | Reached XP level 1. HP: 19/19 MP: 0/0
    81 | D        | Noticed Jessica
    85 | D        | Killed Jessica
    85 | D        | Reached ** piety under Trog
    85 | D        | Reached skill level 5 in Axes
    85 | D        | Reached XP level 2. HP: 28/28 MP: 1/1
   105 | D        | Killed a hellion
   105 | D        | Killed a hellion
   106 | D        | Killed a hellion
   107 | D        | Killed a hellion
   110 | D        | Reached skill level 5 in Fighting
   110 | D        | Reached XP level 3. HP: 36/36 MP: 2/2
   116 | D        | Reached *** piety under Trog
   122 | D        | Killed a yaktaur
   174 | D        | Killed a white draconian scorcher
   228 | D        | Killed a hellion
   238 | D        | Killed a white draconian scorcher
   241 | D        | Noticed a water elemental
   246 | D        | Killed a water elemental
   246 | D        | Reached skill level 5 in Armour
   246 | D        | Reached skill level 5 in Dodging
   246 | D        | Reached XP level 4. HP: 32/44 MP: 3/3
   256 | D        | Killed a hellion
   386 | D        | Found a radiant altar of Vehumet.
   387 | D        | Found a deep blue altar of Sif Muna.
   387 | D        | Found an ancient bone altar of Kikubaaqudgha.
   387 | D        | Noticed a wizard
   387 | D        | Killed a wizard
   387 | D        | Reached XP level 5. HP: 51/51 MP: 4/4
   395 | D        | Noticed a chaos spawn
   400 | D        | Reached **** piety under Trog
   603 | D        | Killed a yaktaur
   647 | D        | Found a glowing silver altar of Zin.
   648 | D        | Found a glowing golden altar of the Shining One.
   648 | D        | Found a white marble altar of Elyvilon.
   648 | D        | Noticed a deep elf mage
   655 | D        | Killed a deep elf mage
   655 | D        | Reached ***** piety under Trog
   655 | D        | Reached XP level 6. HP: 38/63 MP: 5/5
   655 | D        | Reached XP level 7. HP: 43/70 MP: 6/6
   784 | D        | Found a hide-covered altar of Uskayaw.
   784 | D        | Found an iron altar of Okawaru.
   785 | D        | Found a roughly hewn altar of Beogh.
   785 | D        | Found a bloodstained altar of Trog.
   785 | D        | Found an ornate altar of the Wu Jian Council.
   785 | D        | Noticed a human
   785 | D        | Noticed a human
   791 | D        | Killed a human
   791 | D        | Received a gift from Trog
   820 | D        | Killed a human
   835 | D        | Got a warped quarterstaff {god gift}
   836 | D        | Identified the +1 quarterstaff of Fortitude {freeze, rC+ MR+ Str-4 Stlth+} (Trog gifted it to you in the Dungeon)
  1063 | D        | Found a shadowy altar of Dithmenos.
  1071 | D        | Reached skill level 10 in Fighting
  1072 | D        | Found a basalt altar of Yredelemnul.
  1072 | D        | Found a sacrificial altar of Ru.
  1079 | D        | Noticed a shadow
  1094 | D        | Killed a shadow
  1094 | D        | Received a gift from Trog
  1094 | D        | Reached XP level 8. HP: 24/79 MP: 7/7
  1332 | D        | Found a blossoming altar of Fedhas.
  1332 | D        | Found a stormy altar of Qazlal.
  1333 | D        | Found a snail-covered altar of Cheibriados.
  1333 | D        | Found a burning altar of Makhleb.
  1333 | D        | Found a hazy altar of Hepliaklqana.
  1333 | D        | Found a shimmering altar of Xom.
  1333 | D        | Found an opulent altar of Gozag.
  1333 | D        | Found a sparkling altar of Nemelex Xobeh.
  1333 | D        | Found a corrupted altar of Lugonu.
  1333 | D        | Found a viscous altar of Jiyva.
  1338 | D        | Reached skill level 10 in Armour
  1398 | D        | Noticed Josephine
  1407 | D        | Killed Josephine
  1407 | D        | Reached skill level 15 in Axes
  1407 | D        | Reached skill level 10 in Dodging
  1407 | D        | Reached XP level 9. HP: 64/89 MP: 8/8
  1436 | D        | Killed a yaktaur
  1507 | D        | Noticed an orc sorcerer
  1507 | D        | Noticed an orc high priest
  1507 | D        | Noticed an orc knight
  1513 | D        | Killed an orc knight
  1515 | D        | Found Mupp's Food Shop.
  1515 | D        | Noticed an orange demon
  1515 | D        | Noticed a soul eater
  1515 | D        | Noticed an orc high priest
  1517 | D        | Noticed a red devil
  1517 | D        | Noticed a rust devil
  1518 | D        | Killed an orc high priest
  1522 | D        | Noticed a soul eater
  1524 | D        | Noticed a rust devil
  1531 | D        | Killed an orc high priest
  1537 | D        | Killed an orc sorcerer
  1537 | D        | Received a gift from Trog
  1552 | D        | Reached ****** piety under Trog
  1574 | D        | Received a gift from Trog
  1787 | D        | Noticed a centaur warrior
  1792 | D        | Killed a centaur warrior
  1792 | D        | Reached XP level 10. HP: 87/100 MP: 9/9
  1820 | D        | Killed an unseen horror
  1939 | D        | Received a gift from Trog
  1967 | D        | Received a gift from Trog
  2242 | D        | Received a gift from Trog
  2260 | D        | Received a gift from Trog
  2643 | D        | Noticed a spiny frog
  2643 | D        | Noticed a spiny frog
  2649 | D        | Killed a spiny frog
  2649 | D        | Received a gift from Trog
  2652 | D        | Killed a spiny frog
  2806 | D        | Reached XP level 11. HP: 111/111 MP: 10/10
  2837 | D        | Received a gift from Trog
  3014 | D        | Noticed Rupert
  3026 | D        | Killed Rupert
  3047 | D        | Reached skill level 15 in Fighting
  3060 | D        | Noticed Gastronok
  3061 | D        | Noticed a dire elephant
  3101 | D        | Killed Gastronok
  3101 | D        | Reached skill level 15 in Armour
  3110 | D        | Killed a dire elephant
  3110 | D        | Received a gift from Trog
  3127 | D        | Noticed a dire elephant
  3233 | D        | Killed a dire elephant
  3515 | D        | Noticed an azure jelly
  3515 | D        | Noticed an azure jelly
  3515 | D        | Noticed an azure jelly
  3516 | D        | Noticed an azure jelly
  3530 | D        | Noticed a death yak
  3531 | D        | Noticed a death yak
  3553 | D        | Killed a death yak
  3560 | D        | Noticed a death yak
  3603 | D        | Reached XP level 12. HP: 115/122 MP: 11/11
  3662 | D        | Noticed a death yak
  3669 | D        | Killed a death yak
  3669 | D        | Received a gift from Trog
  3674 | D        | Killed a death yak
  3674 | D        | Reached skill level 15 in Dodging
  3680 | D        | Killed a death yak
  3682 | D        | Received a gift from Trog
  4137 | D        | Noticed an anaconda
  4145 | D        | Killed an anaconda
  4283 | D        | Received a gift from Trog
  4460 | D        | Noticed a naga warrior
  4460 | D        | Noticed a nagaraja
  4490 | D        | Killed a nagaraja
  4632 | D        | Killed a naga warrior
  4797 | D        | Found Pedenuss's Antique Armour Boutique.
  4797 | D        | Found Ylud's Food Emporium.
  4801 | D        | Found Rilanwoc's Book Shop.
  4819 | D        | Got a serpentine rune of Zot
  4965 | D        | Received a gift from Trog
  5389 | D        | Noticed Urug
  5396 | D        | Killed Urug
  5396 | D        | Received a gift from Trog
  5620 | D        | Noticed an eight-headed hydra
  5620 | D        | Noticed an eight-headed hydra
  5626 | D        | Killed a six-headed hydra
  5629 | D        | Killed a six-headed hydra
  5781 | D        | Noticed Polyphemus
  5799 | D        | Killed Polyphemus
  5801 | D        | Reached XP level 13. HP: 129/134 MP: 12/12
  5805 | D        | Received a gift from Trog
  5941 | D        | Noticed Ilsuiw
  5968 | D        | Killed Ilsuiw
  6063 | D        | Found Lucoluet's Gadget Emporium.
  6269 | D        | Found Taray's Distillery.
  6270 | D        | Found Dituqury's Antique Weapon Shoppe.
  6271 | D        | Noticed a merfolk javelineer
  6297 | D        | Killed a merfolk javelineer
  6530 | D        | Got a barnacled rune of Zot
  6577 | D        | Found a blossoming altar of Fedhas.
  6587 | D        | Received a gift from Trog
  7111 | D        | Noticed Dowan
  7111 | D        | Noticed Duvessa
  7120 | D        | Killed Dowan
  7120 | D        | Received a gift from Trog
  7124 | D        | Killed Duvessa
  7987 | D        | Received a gift from Trog
  8048 | D        | Found Yna Ufis's Gadget Shop.
  8048 | D        | Found Nuutyl's Antique Armour Shoppe.
  8048 | D        | Found Muil's Distillery.
  8048 | D        | Found Omirij's Magic Scroll Boutique.
  8048 | D        | Found Barearr's Distillery.
  8048 | D        | Found Hugimesch's Food Shop.
  8048 | D        | Found Lyecaybb's Book Boutique.
  8048 | D        | Found Cealuyn's Antique Armour Shoppe.
  8048 | D        | Found Vakkis's Assorted Antiques.
  8048 | D        | Found Acacop's Jewellery Shop.
  8048 | D        | Found Qyci's Antique Weapon Boutique.
  8048 | D        | Found Fagak's Gadget Emporium.
  8375 | D        | Bought a runed plate armour for 520 gold pieces
  8561 | D        | Received a gift from Trog
  8642 | D        | Found Kainkeit's Food Emporium.
  8642 | D        | Found Teugics's Gadget Shop.
  8642 | D        | Found Sutram's Gadget Shop.
  8642 | D        | Found Faluissieg's Distillery.
  8773 | D        | Found Vullocla's Armour Boutique.
  8788 | D        | Bought a +3 plate armour of fire resistance for 630 gold pieces
  8839 | D        | Noticed a yellow draconian knight
  8839 | D        | Noticed a green draconian knight
  8853 | D        | Killed a yellow draconian knight
  8853 | D        | Received a gift from Trog
  8856 | D        | Killed a green draconian knight
  8938 | D        | Received a gift from Trog
  9130 | D        | Received a gift from Trog
  9198 | D        | Noticed a fire dragon
  9210 | D        | Killed a fire dragon
  9210 | D        | Received a gift from Trog
  9210 | D        | Reached XP level 14. HP: 121/147 MP: 13/13
  9553 | D        | Received a gift from Trog
  9556 | D        | Got a blackened executioner's axe {god gift}
  9557 | D        | Identified the +9 executioner's axe of Grontol {chop, Fragile rN+ Int+7 Stlth+} (Trog gifted it to you in the Dungeon)
  9626 | D        | Noticed Chuck
  9635 | D        | Killed Chuck
  9816 | D        | Noticed Sojobo
  9841 | D        | Killed Sojobo
  9841 | D        | Received a gift from Trog
  9841 | D        | Reached skill level 27 in Axes
  9979 | D        | Noticed a lich
  9984 | D        | Killed a lich
  9999 | D        | Noticed a shadow dragon
  9999 | D        | Noticed a shadow dragon
 10009 | D        | Killed a shadow dragon
 10012 | D        | Killed a shadow dragon
 10012 | D        | Received a gift from Trog
 10201 | D        | Noticed a golden dragon
 10305 | D        | Noticed a frost giant
 10312 | D        | Killed a frost giant
 10321 | D        | Received a gift from Trog
 10323 | D        | Noticed a titan
 10335 | D        | Killed a titan
 10386 | D        | Noticed a golden dragon
 10386 | D        | Noticed a golden dragon
 10393 | D        | Killed a golden dragon
 10398 | D        | Killed a golden dragon
 10398 | D        | Reached XP level 15. HP: 92/162 MP: 14/14
 10399 | D        | Received a gift from Trog
 10784 | D        | Killed a golden dragon
 10979 | D        | Received a gift from Trog
 11009 | D        | Got a warped wooden ring
 11029 | D        | Noticed a frost giant
 11059 | D        | Killed a frost giant
 11059 | D        | Received a gift from Trog
 11078 | D        | Got a steaming ring mail
 11318 | D        | Received a gift from Trog
 11327 | D        | Got a silver rune of Zot
 11482 | D        | Identified the cursed +0 ring mail "Coinopiterph" {*Corrode rPois Regen+ Dex+10} (You took it off a skeletal warrior in the Dungeon)
 11547 | D        | Bought an uncursed ring of protection from magic for 250 gold pieces
 11575 | D        | Noticed Boris
 11589 | D        | Killed Boris
 11589 | D        | Received a gift from Trog
 11940 | D        | Noticed Mennas
 11984 | D        | Killed Mennas
 12430 | D        | Received a gift from Trog
 12679 | D        | Noticed Roxanne
 12691 | D        | Killed Roxanne
 12697 | D        | Identified the ring of Qutruonk {Ice rPois Str+4} (You took it off a vault guard in the Dungeon)
 12710 | D        | Noticed an Executioner
 12716 | D        | Killed an Executioner
 12727 | D        | Noticed Nessos
 12735 | D        | Killed Nessos
 12735 | D        | Received a gift from Trog
 12808 | D        | Paralysed by a floating eye for 4 turns
 12848 | D        | Gained mutation: Your magical capacity is low. (-10% MP) [a Zot trap]
 12904 | D        | Noticed a Killer Klown
 12921 | D        | Killed a Killer Klown
 12921 | D        | Received a gift from Trog
 12921 | D        | Reached XP level 16. HP: 109/181 MP: 13/13
 13416 | D        | Received a gift from Trog
 13478 | D        | Noticed a bone dragon
 13489 | D        | Killed a bone dragon
 13549 | D        | Received a gift from Trog
 13596 | D        | Reached skill level 27 in Fighting
 13816 | D        | Reached skill level 27 in Armour
 14028 | D        | Noticed a sphinx
 14028 | D        | Noticed a sphinx
 14029 | D        | Paralysed by a sphinx for 4 turns
 14036 | D        | Killed a sphinx
 14036 | D        | Received a gift from Trog
 14037 | D        | Killed a sphinx
 14183 | D        | Received a gift from Trog
 14290 | D        | Reached skill level 27 in Dodging
 14295 | D        | Received a gift from Trog
 14750 | D        | Received a gift from Trog
 15214 | D        | Reached skill level 5 in Evocations
 15298 | D        | Noticed a greater mummy
 15304 | D        | Noticed a greater mummy
 15306 | D        | Killed a greater mummy
 15306 | D        | Received a gift from Trog
 15306 | D        | Reached skill level 10 in Evocations
 15326 | D        | HP: 9/274 [emperor scorpion[a greater mummy] (6)]
 15327 | D        | Mangled by an emperor scorpion

Skill      XL: |  1  2  3  4  5  6  7  8  9 10 11 12 13 14 15 16 |
---------------+-------------------------------------------------+-----
Axes           | 5 6 8 11 13 15 17 19 21 23 26 27 | 27.0
Fighting       | 4 5 6 9 10 11 12 14 16 17 19 22 26 27 | 27.0
Armour         | 3 4 5 8 9 11 12 14 15 17 19 22 26 27 | 27.0
Dodging        | 3 5 7 9 10 11 13 14 16 18 21 24 27 | 27.0
Evocations     | 10 | 10.7

Action                   |  1- 3 |  4- 6 |  7- 9 | 10-12 | 13-15 | 16-18 || total
-------------------------+-------+-------+-------+-------+-------+-------++-------
Melee: Hand axe          |    17 |    17 |    44 |       |       |       ||    78
       Headbutt          |       |     4 |    11 |    48 |   130 |    42 ||   235
       Battleaxe         |       |       |    19 |   293 |   188 |       ||   500
       Executioner's axe |       |       |       |       |   296 |   166 ||   462
Invok: Berserk           |     2 |       |       |     1 |     7 |     1 ||    11
       Burn Spellbooks   |       |     1 |     1 |       |     2 |       ||     4
       Brothers in Arms  |       |       |     3 |     2 |     7 |       ||    12
       Trog's Hand       |       |       |       |       |     2 |     1 ||     3
  Use: Potion            |       |       |       |       |     2 |     1 ||     3
       Scroll            |       |       |       |       |     3 |       ||     3
 Stab: Distracted        |       |       |       |       |     1 |       ||     1
  Eat: Chunk             |       |       |     2 |     6 |    16 |       ||    24
       Ration            |       |       |     1 |     2 |     6 |     2 ||    11
Armor: Animal skin       |     1 |     4 |       |       |       |       ||     5
       Chain mail        |       |       |    11 |       |       |       ||    11
       Plate armour      |       |       |     3 |   101 |   131 |       ||   235
       Gold dragon scale |       |       |       |       |    72 |    55 ||   127
Dodge: Dodged            |     9 |     9 |    22 |   149 |   192 |    74 ||   455
